 Dungeon Crawl Stone Soup version 0.30-a0-726-gd89dcf765f (webtiles) character file.

Game seed: 5975000334222907295

122844 Bnni the Unseen (level 16, -3/88 (93) HPs)
             Began as a Vine Stalker Fighter on Jan 29, 2023.
             Was a Believer of Uskayaw.
             Succumbed to a redback's poison
             ... on level 1 of the Spider Nest.
             The game lasted 01:31:37 (23639 turns).

Bnni the Unseen (Vine Stalker Fighter)             Turns: 23639, Time: 01:31:37

HP:   -3/88 (93)    AC: 14    Str: 26    XL:     16   Next: 88%
MP:   3/27          EV:  9    Int:  8    God:    Uskayaw [**....]
Gold: 1431          SH: 15    Dex: 21    Spells: 8/18 levels left

rFire   . . .      SeeInvis +    a - +8 quick blade (freeze)
rCold   . . .      Faith    +    S - +0 kite shield
rNeg    + . .      Spirit   +    J - +3 ring mail of the Beginning {Rampage Str+3 SInv}
rPois   +          Reflect  .    m - +2 hat
rElec   .          Harm     .    t - +0 cloak
rCorr   .          Rampage  +    y - +1 pair of gloves
Will    +++..                    H - +0 pair of boots
Stlth   +++++++                  h - amulet of Tetafeud {Faith Will+ Str+3 SInv}
HPRegen 1.14/turn                x - ring of positive energy
MPRegen 0.20/turn                N - ring of poison resistance

@: lethally poisoned (-3 -> -14), studying 2 skills, drained
A: fangs 3, regeneration 1, magic shield, antimagic bite, no potion heal 2
a: Renounce Religion, Stomp, Line Pass


You were on level 1 of the Spider Nest.
You worshipped Uskayaw.
Uskayaw was pleased with you.
You visited 5 branches of the dungeon, and saw 25 of its levels.
You also visited: Ossuary, Bailey, Gauntlet and Ice Cave.

You collected 3276 gold pieces.
You spent 1845 gold pieces at shops.

Inventory:

Hand Weapons
 a - a +8 quick blade of freezing (weapon)
 c - the +7 dagger "Qiomiq" {flame, Str-3 Int+3}
   (You found it on level 2 of the Orcish Mines)

   Str:       It affects your strength (-3).
   Int:       It affects your intelligence (+3).
Missiles
 p - 2 throwing nets (quivered)
 Y - a curare-tipped dart
Armour
 m - a +2 hat (worn)
 t - a +0 cloak (worn)
 y - a +1 pair of gloves (worn)
 H - a +0 pair of boots (worn)
 J - the +3 ring mail of the Beginning (worn) {Rampage Str+3 SInv}
   (You found it on level 7 of the Dungeon)

   Str:       It affects your strength (+3).
   SInv:      It lets you see invisible.
   Rampage:   It bestows one free step when moving towards enemies.
 S - a +0 kite shield (worn)
Jewellery
 h - the amulet of Tetafeud (around neck) {Faith Will+ Str+3 SInv}
   (You bought it in a shop on level 2 of the Orcish Mines)

   [amulet of faith]

   It allows you to gain divine favour quickly.
   Str:       It affects your strength (+3).
   SInv:      It lets you see invisible.
   Will:      It increases your willpower.
 o - an amulet of reflection
 x - a ring of positive energy (left hand)
 D - a ring of ice
 N - a ring of poison resistance (right hand)
 O - a +5 ring of evasion
 U - a ring of positive energy
 V - a ring of fire
 Z - the dreamshard necklace {*Dream Drain}
   (You found it on level 5 of the Lair of Beasts)

   [amulet of nothing]

   *Dream:    It shatters if its wearer takes lethal or near-lethal damage,
   preventing the blow and releasing protective dreams that heal and fight for
   the wearer.
   Drain:     It drains your maximum health when unequipped.
Wands
 I - a wand of mindburst (8)
 P - a wand of acid (5)
 Q - a wand of iceblast (15)
Scrolls
 e - 5 scrolls of amnesia
 f - 6 scrolls of fog
 g - 7 scrolls of enchant armour
 i - 4 scrolls of butterflies
 j - a scroll of enchant weapon
 l - 3 scrolls of blinking
 n - 4 scrolls of brand weapon
 r - a scroll of silence
 s - 2 scrolls of fear
 A - 9 scrolls of teleportation
 B - 7 scrolls of immolation
 C - 2 scrolls of magic mapping
 E - 4 scrolls of vulnerability
 L - a scroll of poison
Potions
 b - 4 potions of brilliance
 d - 3 potions of might
 k - 17 potions of curing
 q - 6 potions of invisibility
 u - 8 potions of attraction
 v - 10 potions of haste
 w - 4 potions of magic
 z - 2 potions of resistance
 F - 9 potions of mutation
 K - a potion of ambrosia
 M - 2 potions of berserk rage
 R - a potion of cancellation
 T - 8 potions of flight
Miscellaneous
 G - a phial of floods
 W - a box of beasts


   Skills:
 + Level 14.4 Fighting
 - Level 10.0 Short Blades
 - Level 2.4 Armour
 + Level 18.1 Stealth
 + Level 14.8 Shields
 + Level 1.8 Spellcasting
 * Level 2.5 Translocations
 + Level 2.0 Air Magic
 + Level 14.0 Invocations


You had 8 spell levels left.
You knew the following spells:

 Your Spells              Type           Power      Damage    Failure   Level
a - Apportation           Tloc           8%         N/A       34%         1
b - Passage of Golubria   Tloc           4%         N/A       98%         4
d - Vhi's Electric Charg  Tloc/Air       8%         N/A       75%         3
w - Wereblood             Tmut           0%         N/A       83%         2

Your spell library contained the following spells:

 Spells                   Type           Power      Damage    Failure   Level
 Shock                    Conj/Air       8%         1d3       54%         1
 Sandblast                Erth           0%         2d4       69%         1
 Slow                     Hex            0%         N/A       69%         1
 Summon Small Mammal      Summ           0%         N/A       69%         1
 Static Discharge         Conj/Air       4%         2-3/arc   69%         2
 Swiftness                Air            4%         N/A       77%         3
 Passwall                 Tmut/Erth      0%         N/A       83%         2
 Sublimation of Blood     Necr           0%         N/A       83%         2
 Portal Projectile        Hex/Tloc       4%         N/A       87%         3
 Call Canine Familiar     Summ           0%         N/A       96%         3
 Confusing Touch          Hex            0%         N/A       96%         3
 Inner Flame              Hex/Fire       0%         N/A       96%         3
 Stone Arrow              Conj/Erth      0%         3d7       96%         3
 Summon Guardian Golem    Hex/Summ       0%         N/A       96%         3
 Tukima's Dance           Hex            0%         N/A       96%         3
 Vampiric Draining        Necr           0%         2d6       96%         3
 Airstrike                Air            2%         2d(1-17)  99%         4
 Flame Wave               Conj/Fire      0%         2d4       100%        4
 Leda's Liquefaction      Hex/Erth       0%         N/A       100%        4
 Petrify                  Tmut/Erth      0%         N/A       100%        4
 Sticky Flame             Conj/Fire      0%         2d3       100%        4
 Alistair's Intoxication  Tmut/Pois      0%         N/A       100%        5
 Arcjolt                  Conj/Air       1%         1d11      100%        5
 Irradiate                Conj/Tmut      0%         3d11      100%        5
 Lee's Rapid Deconstruct  Erth           0%         3d4*      100%        5
 Lightning Bolt           Conj/Air       1%         1d12      100%        5
 Silence                  Hex/Air        1%         N/A       100%        5
 Yara's Violent Unravell  Hex/Tmut       0%         3d3       100%        5
 Statue Form              Tmut/Erth      0%         N/A       100%        6
 Summon Hydra             Summ           0%         N/A       100%        7
 Borgnjor's Revivificati  Necr           0%         N/A       100%        8
 Lehudib's Crystal Spear  Conj/Erth      0%         10d2      100%        8
 Necromutation            Tmut/Necr      0%         N/A       100%        8
 Death's Door             Necr           0%         N/A       100%        9


Dungeon Overview and Level Annotations

Branches:
Dungeon (15/15)            Temple (1/1) D:5            Lair (5/5) D:8
 Shoals (0/4) Lair:3       Spider (2/4) Lair:2        Slime (0/5) Lair:4
    Orc (2/2) D:11            Elf (0/3) Orc:2        Vaults (0/5) D:14
 Depths (0/4) D:15        Ossuary (visited)          Bailey (visited)
  IceCv (visited)         Gauntlet (visited)

Altars:
Ashenzari
Cheibriados
Dithmenos
Elyvilon
Fedhas
Gozag
Hepliaklqana
Kikubaaqudgha
Makhleb
Nemelex Xobeh
Okawaru
Qazlal
Ru
Sif Muna
Trog
Uskayaw
Vehumet
Wu Jian
Xom
Yredelemnul
Zin
The Shining One
Jiyva

Shops:
D:1 *   D:6 !   D:8 :   D:10 :   Orc:2 =[=?!

Annotations:
D:15 Agnes, Jorgrun, Rupert


Innate Abilities, Weirdness & Mutations

You have razor-sharp teeth.
Your natural rate of healing is unusually fast.
When hurt, damage is shared between your health and your magic reserves.
Your bite disrupts and absorbs the magic of your enemies.
Potions cannot restore your health.


Message History

You are poisoned.
The redback poisons you!
You closely miss the redback.
The redback is moderately wounded.
You feel very sick. You block the pharaoh ant's attack.
The orb spider begins to weave its threads into a brightly glowing ball.
The redback bites you but does no damage.
A redback comes into view.
The redback bites you!
You puncture the redback! You freeze the redback. Your bite misses the redback.
The redback is severely wounded.
You feel very sick.
You can now pass through a line of other dancers.
You puncture the redback! You freeze the redback.
You kill the redback!
You feel very sick. The pharaoh ant bites you!! You partially resist.
You feel drained. The redback bites you!
* * * LOW HITPOINT WARNING * * *
A redback comes into view.
The pharaoh ant attacks as you move away!
The pharaoh ant bites you but does no damage.
The culicivora attacks as you move away!
You block the culicivora's attack.
* * * LOW HITPOINT WARNING * * *
You feel extremely sick.
The redback's wounds heal themselves!
The redback barely misses you.
There is a stone staircase leading up, spattered with blood here.
Things that are here:
a redback corpse; a jumping spider corpse
* * * LOW HITPOINT WARNING * * *
You feel very sick.
The redback bites you but does no damage.
You block the pharaoh ant's attack. The redback bites you.
The pharaoh ant bites you!!
* * * LOW HITPOINT WARNING * * *
You partially resist.
You feel drained.
You climb upwards.
You die...

###################
##†s†.##......#....#
#.(@....#[[##..#.^##
#.B##......./.#...#
#..#.#####.#.....##
#..#..# #...##..#
#^...#####......##
##.#....##.##.#.####
##.##...#.##...^.#..
#..^..#.....#.#.#..#
#.#...##.#..#...#.#.


You could see a pharaoh ant and a redback.

Vanquished Creatures
  Gastronok (Lair:1)
  Roxanne (Spider:1)
  2 rockslimes (Lair:5)
  An azure jelly (Lair:5)
  3 quicksilver oozes (Lair:5)
  A broodmother (Spider:1)
  A minotaur (Gauntlet)
  A dire elephant (Lair:5)
  3 spark wasps (Spider:1)
  The ghost of Vildbasse the Skirmisher, a journeyman GnHu of Makhleb (Orc:2)
  A great orb of eyes (Lair:5)
  An entropy weaver (Spider:2)
  Erolcha (D:11)
  An ice dragon (IceCv)
  4 hydras
  6 jorogumos (Spider:1)
  8 vault guards (D:14)
  7 two-headed ogres
  4 boulder beetles
  3 death yaks (Lair:5)
  A catoblepas (D:13)
  A merfolk avatar (Lair:5)
  A dancing weapon (Orc:2)
  The ghost of chipmonk the Nimble, a novice MiBe of Trog (D:9)
  A soul eater (D:11)
  A fire crab (Lair:3)
  3 pharaoh ants
  The ghost of vilexx the Destroyer, a novice GrEE of Gozag (D:8)
  3 orb spiders (Spider:1)
  5 orc knights
  A deep elf archer (D:14)
  A deep elf pyromancer (D:12)
  A necromancer (D:15)
  Pikel (D:7)
  A harpy (Lair:5)
  A steelbarb worm (Spider:1)
  2 manticores (Lair:5)
  A cyclops (shapeshifter) (D:9)
  An orc sorcerer (Orc:2)
  An oklob plant (Lair:2)
  2 ugly things
  5 cyclopes
  7 wolf spiders
  A worldbinder (Gauntlet)
  3 ice statues
  14 elephants
  A black mamba (shapeshifter) (D:13)
  A gargoyle (D:14)
  6 demonic crawlers
  9 black mambas
  3 torpor snails
  11 cane toads
  A minotaur zombie (Gauntlet)
  9 rime drakes
  9 komodo dragons
  A tengu conjurer (D:9)
  A kobold demonologist (D:11)
  2 ice devils (Lair:4)
  3 burning bushes (Lair:3)
  4 hornets
  4 merfolk (Lair:3)
  3 meliai (D:13)
  4 trolls
  3 wind drakes (Lair:5)
  2 hellwings (D:11)
  2 polar bears
  7 tarantellas
  25 blink frogs
  A snapping turtle (Lair:5)
  23 jumping spiders
  A culicivora (Spider:1)
  24 slime creatures
  A centaur simulacrum (D:14)
  A vampire (D:12)
  2 shadows
  7 wyverns
  A water elemental (D:13)
  2 wraiths
  6 basilisks
  56 yaks
  26 redbacks
  A steam dragon (D:9)
  2 vampire mosquitoes (D:12)
  4 wargs
  5 acid dragons
  A black bear (D:5)
  12 water moccasins
  A sky beast (D:8)
  41 orc warriors
  3 ice beasts
  3 boggarts (Gauntlet)
  6 ogres
  27 wolves
  15 centaurs
  2 lemures (D:7)
  A phantom (D:5)
  2 kobold brigands
  10 bullfrogs
  A gnoll sergeant (D:9)
  A necrophage (D:5)
  A scorpion (D:6)
  A hornet simulacrum (D:14)
  3 wights (D:9)
  19 killer bees
  3 lindwurm simulacra (IceCv)
  5 electric eels (D:13)
  3 howler monkeys
  3 komodo dragon simulacra (IceCv)
  2 quasits (D:11)
  13 orc priests
  2 hounds
  8 jellies (Lair:5)
  A gnoll bouda (D:5)
  14 orc wizards
  2 iguanas
  8 mummies (Ossuary)
  Robin (D:4)
  11 gnolls
  9 acid dragon simulacra (IceCv)
  13 adders
  5 white imps
  6 steam dragon simulacra (IceCv)
  3 ufetubi
  2 dart slugs (D:2)
  91 orcs
  7 ball pythons
  7 bats
  3 endoplasms
  4 giant cockroaches
  16 goblins
  5 hobgoblins
  5 jackals
  4 quokkas
  3 frilled lizards
  6 hobgoblin zombies (Ossuary)
  16 kobolds
  A kobold zombie (Ossuary)
  An orc zombie (Ossuary)
  2 rats
  A bush (Lair:2)
822 creatures vanquished.

Vanquished Creatures (collateral kills)
  Harold (D:9)
1 creature vanquished.

Vanquished Creatures (others)
  2 demonic plants (D:11)
  15 fungi
  37 plants
54 creatures vanquished.

Grand Total: 877 creatures vanquished

Notes
Turn   | Place    | Note
-------+----------+-------------------------------------------
     0 | D:1      | Bnni the Vine Stalker Fighter began the quest for the Orb.
     0 | D:1      | Reached XP level 1. HP: 11/11 MP: 2/2
   132 | D:1      | Found Fomialud's Assorted Antiques.
   208 | D:1      | Reached XP level 2. HP: 12/16 MP: 3/3
   796 | D:2      | Reached XP level 3. HP: 15/19 MP: 4/4
  1178 | D:2      | Found the +5 robe of Misfortune {Harm *Corrode *Slow EV+5}
  1188 | D:2      | Gained mutation: Your natural rate of healing is unusually
                  | fast. [Vine Stalker growth]
  1188 | D:2      | Reached XP level 4. HP: 21/24 MP: 5/5
  1701 | D:3      | Found a shimmering blue altar of Sif Muna.
  1744 | D:3      | Found a sparkling altar of Nemelex Xobeh.
  1809 | D:3      | Reached XP level 5. HP: 19/28 MP: 6/6
  1864 | D:3      | Found a faded altar of an unknown god.
  1868 | D:3      | Found a blossoming altar of Fedhas.
  2594 | D:4      | Noticed Robin
  2652 | D:4      | Killed Robin
  2653 | D:4      | Reached XP level 6. HP: 33/33 MP: 7/7
  2716 | D:4      | Found a sand-covered staircase.
  2767 | Ossuary  | Entered an ossuary
  3166 | D:1      | Bought a scroll labelled ZIBEUNUTZ ITRU for 24 gold pieces
  3166 | D:1      | Bought a scroll labelled LOSKES COYFYDD for 24 gold pieces
  3166 | D:1      | Bought 2 clear potions for 43 gold pieces
  3166 | D:1      | Bought a clear potion for 21 gold pieces
  3166 | D:1      | Bought a scroll labelled WALAMP ZADEZE for 24 gold pieces
  3526 | D:5      | Entered Level 5 of the Dungeon
  3527 | D:5      | Noticed an ice beast
  3527 | D:5      | Noticed a black bear
  3606 | D:5      | Killed a black bear
  3607 | D:5      | Reached skill level 5 in Short Blades
  3607 | D:5      | Reached XP level 7. HP: 32/37 MP: 8/8
  3642 | D:5      | Found a staircase to the Ecumenical Temple.
  3649 | Temple   | Entered the Ecumenical Temple
  3684 | D:5      | Found a burning altar of Makhleb.
  3891 | D:5      | Found a glowing silver altar of Zin.
  4100 | D:5      | Reached skill level 5 in Fighting
  4100 | D:5      | Gained mutation: You have razor-sharp teeth. [Vine Stalker
                  | growth]
  4100 | D:5      | Reached XP level 8. HP: 43/43 MP: 9/9
  4698 | D:6      | Found a sacrificial altar of Ru.
  4703 | D:6      | Found a shadowy altar of Dithmenos.
  4925 | D:6      | Found Goafau's Distillery.
  5233 | D:7      | Found a flagged portal.
  5258 | D:7      | Reached XP level 9. HP: 22/48 MP: 10/10
  5322 | Bailey   | Entered a bailey
  5618 | Bailey   | Reached skill level 1 in Stealth
  5663 | Bailey   | Noticed an orc knight
  5669 | Bailey   | Reached skill level 1 in Invocations
  5678 | Bailey   | Killed an orc knight
  5679 | Bailey   | Reached skill level 2 in Stealth
  5693 | Bailey   | Reached skill level 3 in Stealth
  5974 | D:7      | Identified the +3 ring mail of the Beginning {Rampage Str+3
                  | SInv}
  6030 | D:7      | Noticed Pikel
  6085 | D:7      | Killed Pikel
  6086 | D:7      | Reached skill level 4 in Stealth
  6086 | D:7      | Reached XP level 10. HP: 53/55 MP: 13/13
  6178 | D:7      | Reached skill level 10 in Short Blades
  6180 | D:7      | Identified the +1 leather armour "Tama" {Fly rC- Str-5
                  | Dex+7}
  6657 | D:8      | Reached skill level 5 in Stealth
  6783 | D:8      | Found Borerr's Book Emporium.
  7113 | D:8      | Reached skill level 6 in Stealth
  7151 | D:8      | Reached skill level 5 in Invocations
  7187 | D:8      | Reached skill level 7 in Stealth
  7220 | D:8      | Reached XP level 11. HP: 40/60 MP: 16/16
  7270 | D:8      | Reached skill level 8 in Stealth
  7290 | D:8      | Found a staircase to the Lair.
  7391 | D:8      | Found a runed translucent gate.
  7391 | D:8      | Found a runed translucent gate.
  7391 | D:8      | Found a runed translucent gate.
  7392 | D:8      | Noticed a nine-headed hydra
  7393 | D:8      | Noticed vilexx's ghost (novice GrEE)
  7398 | D:8      | Killed a nine-headed hydra
  7415 | D:8      | Killed vilexx's ghost
  7416 | D:8      | Identified the +5 broad axe "Starlight" {vamp, Fragile
                  | rPois Dex+3}
  7417 | D:8      | Identified the +5 spear "Hyod Vinah" {spect, Fly rF+}
  7796 | D:9      | Found a glowing golden altar of the Shining One.
  7836 | D:9      | Reached skill level 9 in Stealth
  7879 | D:9      | Noticed chipmonk's ghost (novice MiBe)
  7879 | D:9      | Noticed a cyan ugly thing
  7899 | D:9      | Found a transporter.
  7906 | D:9      | Noticed a two-headed ogre
  8145 | D:9      | Identified the +8 whip of the Histrionic God {flame, rN+}
  8199 | D:9      | Noticed a cyclops
  8200 | D:9      | Noticed a two-headed ogre
  8200 | D:9      | Noticed Harold
  8232 | D:9      | Killed a two-headed ogre
  8257 | D:9      | Killed Harold
  8266 | D:9      | Killed a cyclops
  8360 | D:9      | Found a transporter.
  8404 | D:10     | Entered Level 10 of the Dungeon
  8431 | D:10     | Noticed a two-headed ogre
  8435 | D:10     | Killed a two-headed ogre
  8436 | D:10     | Reached skill level 10 in Stealth
  8907 | D:10     | Found Onyjes's Book Emporium.
  8909 | D:10     | Reached skill level 10 in Fighting
  8992 | D:10     | Reached XP level 12. HP: 56/67 MP: 19/19
  9631 | D:11     | Noticed a soul eater
  9683 | D:11     | Killed a soul eater
  9801 | D:11     | Identified the +2 dagger of Noon {speed, rPois rN+++ Int-5
                  | Dex-3}
  9834 | D:11     | Noticed Erolcha
  9838 | D:11     | Killed Erolcha
  9839 | D:11     | Reached skill level 11 in Stealth
  9943 | D:11     | Noticed a two-headed ogre
  9956 | D:11     | Killed a two-headed ogre
  9999 | D:11     | Noticed a boulder beetle
 10029 | D:11     | Killed a boulder beetle
 10103 | D:11     | Found a staircase to the Orcish Mines.
 10738 | D:6      | Found an iron altar of Okawaru.
 10738 | D:6      | Found a hide-covered altar of Uskayaw.
 10747 | D:6      | Became a worshipper of Uskayaw the Reveller
 10921 | D:9      | Reached * piety under Uskayaw
 10924 | D:9      | Reached ** piety under Uskayaw
 10928 | D:9      | Reached *** piety under Uskayaw
 10933 | D:9      | Reached **** piety under Uskayaw
 10946 | D:9      | Reached ***** piety under Uskayaw
 10956 | D:9      | Killed chipmonk's ghost
 10957 | D:9      | Reached skill level 12 in Stealth
 10962 | D:9      | Reached ****** piety under Uskayaw
 10964 | D:9      | Killed a two-headed ogre
 11166 | D:12     | Found a sacrificial altar of Ru.
 11381 | D:12     | Noticed a boulder beetle
 11419 | D:12     | Killed a boulder beetle
 11420 | D:12     | Reached skill level 10 in Invocations
 11420 | D:12     | Reached XP level 13. HP: 71/74 MP: 21/21
 11566 | D:12     | Reached skill level 13 in Stealth
 11901 | D:12     | Identified the +2 halberd "Nooseum" {freeze, *Rage +Blink
                  | rN+ SInv}
 12821 | D:14     | Found a shimmering altar of Xom.
 13018 | D:14     | Reached skill level 14 in Stealth
 13130 | D:14     | Noticed a vault guard
 13130 | D:14     | Noticed a vault guard
 13130 | D:14     | Noticed a vault guard
 13130 | D:14     | Noticed a vault guard
 13173 | D:14     | Killed a vault guard
 13174 | D:14     | Killed a vault guard
 13200 | D:14     | Noticed a vault guard
 13220 | D:14     | Killed a vault guard
 13276 | D:14     | Noticed a vault guard
 13296 | D:14     | Killed a vault guard
 13300 | D:14     | Killed a vault guard
 13341 | D:14     | Noticed a vault guard
 13359 | D:14     | Killed a vault guard
 13378 | D:14     | Found a gate to the Vaults.
 13429 | D:14     | Found a shimmering altar of Xom.
 13429 | D:14     | Found a shimmering altar of Xom.
 13429 | D:14     | Found a shimmering altar of Xom.
 13429 | D:14     | Found a shimmering altar of Xom.
 13430 | D:14     | Found a shimmering altar of Xom.
 13451 | D:14     | Killed a vault guard
 13477 | D:14     | Found a shimmering altar of Xom.
 13504 | D:14     | Noticed a vault guard
 13526 | D:14     | Killed a vault guard
 13527 | D:14     | Reached skill level 5 in Shields
 13707 | D:15     | Entered Level 15 of the Dungeon
 13709 | D:15     | Noticed Agnes
 13709 | D:15     | Noticed Rupert
 13753 | D:15     | Found a blossoming altar of Fedhas.
 13756 | D:15     | Found a staircase to the Depths.
 13756 | D:15     | Noticed an ettin
 13758 | D:15     | Noticed Jorgrun
 13998 | Lair:1   | Entered Level 1 of the Lair of Beasts
 14039 | Lair:1   | Reached skill level 15 in Stealth
 14061 | Lair:1   | Reached XP level 14. HP: 81/81 MP: 23/23
 14692 | Lair:1   | Noticed Gastronok
 14771 | Lair:1   | Killed Gastronok
 15742 | Lair:2   | Found a hole to the Spider Nest.
 15764 | Lair:2   | HP: 3/81 [pharaoh ant (15)]
 15775 | Lair:2   | HP: 2/81 [blink frog (11)]
 17094 | Lair:3   | Found a staircase to the Shoals.
 17679 | Lair:4   | Found a gate leading to a gauntlet.
 17690 | Gauntlet | Entered a Gauntlet
 17690 | Gauntlet | Found a transporter.
 17716 | Gauntlet | Found a transporter.
 17719 | Gauntlet | Found a transporter.
 17720 | Gauntlet | Found a transporter.
 17731 | Gauntlet | Found a transporter.
 17731 | Gauntlet | Found a transporter.
 17732 | Gauntlet | Found a transporter.
 17741 | Gauntlet | Found a transporter.
 17744 | Gauntlet | Found a transporter.
 17745 | Gauntlet | Found a transporter.
 17753 | Gauntlet | Found a transporter.
 17756 | Gauntlet | Found a transporter.
 17757 | Gauntlet | Found a transporter.
 17763 | Gauntlet | Found a runed translucent gate.
 17763 | Gauntlet | Found a runed translucent gate.
 17763 | Gauntlet | Found a runed translucent gate.
 17765 | Gauntlet | Found a transporter.
 17986 | Gauntlet | Identified a scroll of acquirement
 17987 | Gauntlet | Reached skill level 16 in Stealth
 18069 | Lair:4   | Found a frozen archway.
 18095 | IceCv    | Entered an ice cave
 18117 | IceCv    | Acquired a +4 quick blade of freezing
 18188 | IceCv    | Identified the +7 whip "Goblin's Nightmare" {spect, rF+ rN+
                  | rCorr Int+2}
 18774 | Lair:4   | Reached XP level 15. HP: 78/86 MP: 25/25
 18982 | Lair:4   | Found a runed translucent door.
 18982 | Lair:4   | Found a viscous altar of Jiyva.
 18983 | Lair:4   | Found a staircase to the Slime Pits.
 19360 | Lair:5   | Entered Level 5 of the Lair of Beasts
 19381 | Lair:5   | Reached skill level 10 in Shields
 19654 | Lair:5   | Noticed a rockslime
 19814 | Lair:5   | Noticed a rockslime
 19825 | Lair:5   | Killed a rockslime
 19827 | Lair:5   | Noticed an azure jelly
 19840 | Lair:5   | Killed an azure jelly
 19846 | Lair:5   | Found the dreamshard necklace {*Dream Drain}
 19847 | Lair:5   | Reached skill level 17 in Stealth
 19847 | Lair:5   | Identified the +8 trident "Worm" {vamp, Fly rF- Str+3
                  | Int+3}
 19871 | Lair:5   | Identified the +1 shortbow "Qoku" {heavy, rF- Dex+3 Stlth+}
 19969 | Lair:5   | Learned a level 3 spell: Vhi's Electric Charge
 20145 | Lair:5   | Killed a rockslime
 20269 | Lair:5   | Reached XP level 16. HP: 84/92 MP: 27/27
 20919 | Orc:1    | Entered Level 1 of the Orcish Mines
 21181 | Orc:2    | Entered Level 2 of the Orcish Mines
 21184 | Orc:2    | Found a staircase to the Elven Halls.
 21246 | Orc:2    | Found Meuthef's Jewellery Boutique.
 21289 | Orc:2    | Found a runed translucent door.
 21289 | Orc:2    | Found a shimmering altar of Xom.
 21289 | Orc:2    | Noticed Vildbasse's ghost (journeyman GnHu)
 21349 | Orc:2    | Killed Vildbasse's ghost
 21350 | Orc:2    | Identified the +7 dagger "Qiomiq" {flame, Str-3 Int+3}
 21451 | Orc:2    | Found Unattafas's Magic Scroll Emporium.
 21451 | Orc:2    | Found Omesimist's Jewellery Boutique.
 21455 | Orc:2    | Found Limemin's Antique Armour Shop.
 21456 | Orc:2    | Found Peowyn's Distillery.
 21492 | Orc:2    | Bought a scroll of acquirement for 624 gold pieces
 21498 | Orc:2    | Acquired 375 gold pieces
 21504 | Orc:2    | Bought the amulet of Tetafeud {Faith Will+ Str+3 SInv} for
                  | 883 gold pieces
 21800 | Orc:2    | Bought a pair of glowing gloves for 202 gold pieces
 22031 | Spider:1 | Entered Level 1 of the Spider Nest
 22333 | Spider:1 | Paralysed by a jorogumo for 1 turns
 22671 | Spider:1 | Noticed Roxanne
 22704 | Spider:1 | Killed Roxanne
 23073 | Spider:1 | Reached skill level 18 in Stealth
 23103 | Spider:1 | Reached skill level 1 in Air Magic
 23137 | Spider:1 | Reached skill level 1 in Spellcasting
 23137 | Spider:1 | Reached skill level 1 in Translocations
 23273 | Spider:1 | Learned a level 2 spell: Wereblood
 23278 | Spider:1 | Learned a level 4 spell: Passage of Golubria
 23280 | Spider:1 | Learned a level 1 spell: Apportation
 23638 | Spider:2 | HP: 2/90 [pharaoh ant (12)]
 23639 | Spider:1 | Succumbed to a redback's poison

Illustrated notes

Levels and vault maps discovered:
D:1:      onia_arrival_pyramid, layout_basic, serial_shops, shop, st_stairs_8
D:2:      layout_basic, serial_curves, eino_curves_01, eino_curves_03,
          eino_curves_02
D:3:      layout_loops_cross, nicolae_sif_muna_little_library,
          nicolae_overflow_ecumenical_swirl, nemelex_diamond_rough_becter,
          mrwooster_statue_mirror
D:4:      layout_loops_ring, chequers_ossuary_entry_cave, uniq_robin
D:5:      minmay_chambers_of_fours, layout_rooms, zin_treasury,
          mainiacjoe_overflow_alcove_1, temple_doors_e
D:6:      layout_loops_cross, nicolae_overflow_hidden_temple, minitemple,
          serial_shops, kennysheep_mini_moat, chequers_serial_rivers_micro_e
D:7:      layout_gridville, enter_bailey_5, kennysheep_generic_room_13,
          uniq_pikel
D:8:      layout_basic, minmay_lair_entry_grove, serial_shops, shop,
          gammafunk_ghost_hydra_chop
D:9:      layout_basic, mainiacjoe_overflow_boulevard, nzn_ghost_randoct,
          uniq_harold
D:10:     layout_cave_pods, serial_shops, nicolae_shop_advertising_works
          [nicolae_subvault_shop_adworks]
D:11:     layout_irregular_city, minmay_orc_entry_guard_dogs, serial_demonic,
          serial_demonic_d, serial_demonic_f, serial_demonic_e,
          serial_demonic_f, uniq_erolcha
D:12:     layout_loops_corners, minmay_door_square,
          nicolae_ru_the_path_less_chosen
D:13:     layout_roguey, amethyst_killhole, minmay_misc_feat_doors,
          serial_bayou_lake_a
D:14:     layout_long_grid, erik_vaults_2, xom_redecorated
D:15:     hangedman_depths_entry_civil_slaughter, layout_rooms, fedhas_altar_3,
          dreamdust_princess_corridor, uniq_agnes, uniq_rupert, uniq_jorgrun
Temple:   hellmonk_temple_two_chambers
Lair:1:   layout_layer_cave, uniq_gastronok
Lair:2:   layout_gridlike, nicolae_spider_entry_lesser_pyramids,
          columned_hall_lemuel, minmay_lair_oklob_bushes, serial_bayou_shore_b
Lair:3:   layout_chaotic_city, elwin_shoals_entry_stream, evilmike_ambush
          [evilmike_ambush_outer_basic, evilmike_ambush_inner_wall_2],
          lemuel_fruit_fields
Lair:4:   layout_hall_layers, slime_entry_2, portal_ice_cave_demonic_guard,
          gauntlet_entry_generic, st_stairs_7
Lair:5:   gammafunk_lair_ancient_temple, layout_long_grid, special_room
          [special_room_jelly], bh_autumn_forest_stairs
Spider:1: cheibrodos_forgotten_conduit, nicolae_spider_world_wide_web,
          uniq_roxanne
Spider:2: spiders_nest_scorpion_pit, uniq_frances
Orc:1:    layout_caves
Orc:2:    st_orc_rangers, layout_caves, serial_shops, nicolae_shop_waterfront,
          ebering_ghost_xom

Skill      XL: |  1  2  3  4  5  6  7  8  9 10 11 12 13 14 15 16 |
---------------+-------------------------------------------------+-----
Short Blades   | 2 3 5 6 8 9 10 | 10.0
Shields        | 3 4 5 8 12 14 | 14.8
Fighting       | 3 4 5 6 7 8 10 11 12 13 14 | 14.4
Stealth        | 4 7 10 12 15 16 17 18 | 18.1
Invocations    | 3 5 8 10 11 12 13 14 | 14.0
Air Magic      | 2 |  2.0
Spellcasting   | 1 |  1.8
Translocations | 2 |  2.5
Armour         | |  2.4

Action                     |  1- 3 |  4- 6 |  7- 9 | 10-12 | 13-15 | 16-18 || total
---------------------------+-------+-------+-------+-------+-------+-------++-------
  Melee: Rapier            |   106 |   290 |   438 |   698 |       |       ||  1532
         Bite              |    23 |    83 |   159 |   389 |   694 |   171 ||  1519
         Dagger            |       |       |       |   293 |   963 |       ||  1256
         Quick blade       |       |       |       |       |   567 |   470 ||  1037
  Throw: Throwing net      |       |       |     4 |       |     6 |       ||    10
         Dart              |       |       |     1 |     3 |     9 |       ||    13
         Boomerang         |       |       |       |       |     1 |       ||     1
 Invoke: Grand Finale      |       |       |       |     1 |     4 |     8 ||    13
         Line Pass         |       |       |       |       |     8 |       ||     8
         Stomp             |       |       |       |       |     2 |       ||     2
  Evoke: Wand              |       |       |       |     1 |     6 |       ||     7
    Use: Scroll            |       |     6 |     6 |     6 |    21 |     3 ||    42
         Potion            |       |     1 |     2 |     2 |     3 |       ||     8
   Stab: Held in net/web   |       |       |     2 |       |     7 |       ||     9
         Sleeping          |       |       |       |    20 |    44 |    20 ||    84
         Paralysed         |       |       |       |     3 |    91 |    46 ||   140
         Distracted        |       |       |       |     1 |     5 |       ||     6
         Confused          |       |       |       |       |     9 |       ||     9
 Armour: Scale mail        |    60 |    12 |       |       |       |       ||    72
         Chain mail        |       |    93 |   144 |       |       |       ||   237
         Plate armour      |       |       |    22 |       |       |       ||    22
         Ring mail         |       |       |     9 |   289 |   225 |   108 ||   631
  Dodge: Dodged            |    53 |    69 |    83 |   270 |   221 |    72 ||   768
  Block: Buckler           |    28 |   181 |   218 |   366 |   322 |     4 ||  1119
         Reflection        |     2 |     2 |     2 |     8 |     2 |    17 ||    33
         Kite shield       |       |       |       |       |       |   199 ||   199

Table legend: (Time is in decaauts)
 A = Elapsed time spent in this place.
 B = Non-inter-level travel time spent in this place.
 C = Inter-level travel time spent in this place.
 D = Time resting spent in this place.
 E = Time spent auto-exploring this place.
 F = Levels seen in this place.
 G = Mean time per level.
                   A        B        C        D        E       F      G
               +--------+--------+--------+--------+--------+-----+--------+
         Total |  22014 |  19985 |   2029 |    936 |  13039 |  29 |  759.1 |
       Dungeon |  12960 |  11502 |   1458 |    256 |   8156 |  15 |  864.0 |
        Temple |     24 |     20 |      4 |      0 |     11 |   1 |   24.0 |
          Lair |   5199 |   4872 |    327 |    247 |   3351 |   5 | 1039.8 |
   Spider Nest |   1446 |   1280 |    166 |    244 |    521 |   2 |  723.0 |
  Orcish Mines |    834 |    762 |     72 |      0 |    504 |   2 |  417.0 |
       Ossuary |    270 |    270 |      0 |      0 |    151 |   1 |  270.0 |
        Bailey |    418 |    418 |      0 |      4 |    107 |   1 |  418.0 |
      Ice Cave |    569 |    569 |      0 |    155 |    100 |   1 |  569.0 |
      Gauntlet |    290 |    290 |      0 |     30 |    136 |   1 |  290.0 |
               +--------+--------+--------+--------+--------+-----+--------+

Top non-repeatable levels by time:
  Lair:1: 1664 daAuts
Spider:1: 1336 daAuts
    D:10: 1216 daAuts
    D:11: 1160 daAuts
  Lair:5: 1128 daAuts
     D:7: 1121 daAuts
     D:8: 1052 daAuts
     D:9: 1014 daAuts
  Lair:2: 934 daAuts
    D:12: 930 daAuts
    D:14: 868 daAuts
     D:4: 864 daAuts
     D:3: 835 daAuts
     D:2: 829 daAuts
     D:1: 823 daAuts
